 Dungeon Crawl Stone Soup version 0.19.0-19-g8c6edcc (webtiles) character file.

375 Peloso the Skirmisher (level 6, -3/52 HPs)
             Began as a Ghoul Fighter on Nov 13, 2016.
             Slain by a mummy (12 damage)
             ... in an ossuary.
             The game lasted 00:11:26 (3569 turns).

Peloso the Skirmisher (Ghoul Fighter)               Turns: 3569, Time: 00:11:27

Health: -3/52      AC: 12    Str: 20    XL:     6   Next: 72%
Magic:  5/5        EV:  8    Int:  3    God:
Gold:   252        SH:  9    Dex: 10    Spells: 0 memorised, 5 levels left

rFire  . . .     SeeInvis .     a - +0 long sword
rCold  + . .     Gourm    .     b - +0 scale mail
rNeg   + + +     Faith    .     c - +0 shield
rPois  ∞         Spirit   .     v - +0 helmet
rElec  .         Reflect  .     k - +2 cloak
rCorr  .         Harm     .     (no gloves)
MR     .....                    h - +0 pair of boots
Stlth  ..........               (no amulet)
                                (no ring)
                                (no ring)

@: rotting
A: rotting body, claws 1, carnivore 3, cold resistance 1, negative energy
resistance 3, slow regeneration 1, torment resistance, unbreathing
a: no special abilities


You were in an ossuary.
You were not hungry.

You visited 2 branches of the dungeon, and saw 6 of its levels.
You also visited: Ossuary.

You collected 252 gold pieces.

Inventory:

Hand Weapons
 a - a +0 long sword (weapon)
 d - a +0 scythe of flaming
 g - a +2 spear of piercing
 s - a +2 dagger of draining
Armour
 b - a +0 scale mail (worn)
 c - a +0 shield (worn)
 h - a +0 pair of boots (worn)
 k - a +2 cloak (worn)
 v - a +0 helmet (worn)
Scrolls
 j - a scroll of magic mapping
 l - a scroll of recharging
 n - 2 scrolls of identify
 p - a scroll of fog {unknown}
 u - 3 scrolls of teleportation {unknown}
 w - a scroll of amnesia {unknown}
 y - a scroll of enchant armour {unknown}
Potions
 i - 3 potions of cancellation
 m - 3 potions of flight
 q - 2 potions of agility {unknown}
 r - a potion of brilliance {unknown}
 t - a potion of curing {unknown}
 x - a potion of haste {unknown}
 A - 2 potions of ambrosia {unknown}
Comestibles
 f - 4 meat rations
 o - 2 royal jellies
 z - a beef jerky


   Skills:
 + Level 4.2 Fighting
 + Level 3.5 Long Blades
 + Level 3.8 Armour
 + Level 1.8 Dodging
 + Level 0.2 Stealth
 + Level 4.0 Shields


You had 5 spell levels left.
You didn't know any spells.

Dungeon Overview and Level Annotations

Branches:
Dungeon (5/15)             Temple (1/1) D:4

Altars:
Ashenzari
Cheibriados
Dithmenos
Elyvilon
Fedhas
Makhleb
Nemelex Xobeh
Ru
Sif Muna
Trog
Uskayaw
Yredelemnul
Lugonu


Innate Abilities, Weirdness & Mutations

Your body is rotting away.
You thrive on raw meat.
You are immune to poison.
You have sharp fingernails.
You are carnivorous and can eat meat at any time.
Your flesh is cold resistant. (rC+)
You are immune to negative energy. (rN+++)
You regenerate slowly when monsters are visible.
You are immune to unholy pain and torment.
You can survive without breathing.


Message History

You destroy the mummy!
The mummy completely misses you. The mummy closely misses you.
You hit the mummy.
The mummy is lightly damaged.
You block the mummy's attack.
You hit the mummy.
The mummy is moderately damaged.
The mummy hits you but does no damage. The mummy hits you!
* * * LOW HITPOINT WARNING * * *
You hit the mummy but do no damage.
The mummy is moderately damaged.
The mummy barely misses you.
You riposte.
You slash the mummy!
The mummy is severely damaged.
The mummy barely misses you. You block the mummy's attack.
You hit the mummy.
The mummy is almost destroyed.
You block the mummy's attack. The mummy hits you.
* * * LOW HITPOINT WARNING * * *
The mummy hits you!
You die...

**,,,,*#....#*,,,,**
**,,,,,,#....#,,,,,,**
*,,,,,,,#....#,,,,,,,*
*,,,,,,,#....#,,,,,,,*
*,,,,,,,#....#,,,,,,,*
**,,,,,,#....#,,,,,,**
*,,,,,*#....#*,,,,,*
**,,,,*#..MM#*,,,,**
*,,,**#.ZM@#**,,,*
***** ###### *****


You could see 3 mummies and a hobgoblin zombie.

Vanquished Creatures
  Sigmund (D:3)
  Crazy Yiuf (D:4)
  An iguana (D:5)
  A worker ant (D:4)
  A mummy (Ossuary)
  Robin (D:3)
  5 adders
  A worm (D:2)
  2 dart slugs (D:1)
  A leopard gecko (D:2)
  2 ball pythons
  3 giant cockroaches (D:2)
  4 gnoll zombies (Ossuary)
  10 goblins
  7 hobgoblins
  8 jackals
  7 kobolds
  A quokka (D:4)
  13 bats
  3 frilled lizards
  3 orc zombies (Ossuary)
  11 rats
87 creatures vanquished.

Notes
Turn   | Place    | Note
-------+----------+-------------------------------------------
     0 | D:1      | Peloso the Ghoul Fighter began the quest for the Orb.
     0 | D:1      | Reached XP level 1. HP: 19/19 MP: 0/0
   103 | D:1      | Reached XP level 2. HP: 17/26 MP: 1/1
   827 | D:2      | Reached XP level 3. HP: 31/31 MP: 2/2
   902 | D:2      | Found a faded altar of an unknown god.
  1064 | D:2      | Reached XP level 4. HP: 40/40 MP: 3/3
  1357 | D:2      | Reached skill level 1 in Dodging
  1403 | D:2      | Found a burning altar of Makhleb.
  1450 | D:3      | Noticed Sigmund
  1460 | D:3      | Killed Sigmund
  1460 | D:3      | Reached XP level 5. HP: 25/46 MP: 4/4
  1460 | D:3      | Reached XP level 6. HP: 28/52 MP: 5/5
  1533 | D:3      | Noticed Robin
  1540 | D:3      | Killed Robin
  2395 | D:4      | Found a staircase to the Ecumenical Temple.
  2470 | Temple   | Entered the Ecumenical Temple
  2656 | D:4      | Found a runed door.
  3218 | D:4      | Noticed Crazy Yiuf
  3225 | D:4      | Killed Crazy Yiuf
  3259 | D:5      | Entered Level 5 of the Dungeon
  3352 | D:5      | Found a sand-covered staircase.
  3361 | Ossuary  | Entered an ossuary
  3569 | Ossuary  | Slain by a mummy

Skill      XL: |  1  2  3  4  5  6 |
---------------+-------------------+-----
Armour         | 3 |  3.8
Long Blades    | 2 3 |  3.5
Shields        | 3 4 |  4.0
Dodging        | 1 |  1.8
Fighting       | 4 |  4.2
Stealth        | |  0.2

Action                   |  1- 3 |  4- 6 || total
-------------------------+-------+-------++-------
Melee: Long sword        |   128 |   230 ||   358
  Use: Potion            |       |     1 ||     1
       Scroll            |       |     5 ||     5
  Eat: Chunk             |     3 |    15 ||    18
Armor: Scale mail        |    90 |   123 ||   213
Dodge: Dodged            |    52 |   108 ||   160
Block: Shield            |    90 |   141 ||   231
       Rpst.: Long sword |    16 |    26 ||    42
